 Dungeon Crawl Stone Soup version 0.16-a0-3770-gc215ce9 (webtiles) character file.

667 TIT the Archer (level 7, 0/38 HPs)
             Began as a Tengu Arcane Marksman on Jan 24, 2015.
             Was a Follower of Qazlal.
             Slain by a worker ant (7 damage)
             ... on level 5 of the Dungeon.
             The game lasted 00:31:09 (7384 turns).

TIT the Archer (Tengu Arcane Marksman)              Turns: 7384, Time: 00:31:09

Health: 0/38       AC:  3    Str: 11    XL:     7   Next: 57%
Magic:  10/11      EV: 12    Int: 16    God:    Qazlal [*.....]
Gold:   253        SH:  2    Dex: 13    Spells: 1 memorised, 7 levels left

rFire  . . .     SeeInvis .     b - +1 shortbow
rCold  . . .     Clarity  .     a - +0 robe
rNeg   . . .     SustAb   .     (no shield)
rPois  .         Gourm    .     (helmet restricted)
rElec  .         Spirit   .     (no cloak)
rCorr  .         Warding  .     r - +0 pair of gloves
rMut   .         Stasis   .     (boots unavailable)
MR     .....                    (no amulet)
Stlth  +.........               (no ring)
                                (no ring)

@: not resistant to hostile enchantments, very unstealthy
A: able to fly, beak, talons 3
a: Fly, Renounce Religion


You were on level 5 of the Dungeon.
You worshipped Qazlal.
Qazlal was aware of your devotion.
You were not hungry.

You visited 1 branch of the dungeon, and saw 5 of its levels.

You collected 253 gold pieces.

Inventory:

Hand weapons
 b - a +1 shortbow (weapon)
Missiles
 c - 20 arrows (quivered)
Armour
 a - a +0 robe (worn)
 r - a +0 pair of gloves (worn)
Jewellery
 i - a cursed amulet of inaccuracy {unknown}
Scrolls
 e - a scroll of fear {unknown}
 k - a scroll of noise
 v - a scroll of recharging
Books
 d - a book of Debilitation

   Spells                             Type                      Level
   a - Corona                         Hexes                        1
   b - Slow                           Hexes                        2
   c - Inner Flame                    Hexes/Fire                   3
   d - Enslavement                    Hexes                        4
   e - Cause Fear                     Hexes                        4
   f - Leda's Liquefaction            Hexes/Earth                  4
Comestibles
 f - 5 bread rations


   Skills:
 - Level 1.0 Fighting
 + Level 9.1 Bows
 - Level 2.1 Dodging
 - Level 1.0 Spellcasting
 - Level 2.1 Hexes


You had 7 spell levels left.
You knew the following spells:

 Your Spells              Type           Power        Failure   Level  Hunger
a - Corona                Hex            #......      12%         1    ##.....


Dungeon Overview and Level Annotations

Branches:
Dungeon (5/15)
 Temple: D:4-7

Altars:
Cheibriados
Dithmenos
Fedhas
Kikubaaqudgha
Qazlal
Trog
Zin
The Shining One

Annotations:
D:4 Pikel


Innate Abilities, Weirdness & Mutations

You can fly.
You have a beak for a mouth.
You have claws for feet.


Message History

You completely miss something. Something hits you but does no damage.
You hear some strange, mumbled words.
The puff of flame hits something.
Reactivating autopickup.
The worker ant completely misses you.
You feel less confused. The worker ant bites you. The worker ant bites you.
You hear a sizzling sound!
Deactivating autopickup; reactivate with Ctrl-A.
The puff of flame hits you!
* * * LOW HITPOINT WARNING * * *
Read which item? (? for menu, Esc to quit)
Okay, then.
Unknown command.
You aren't carrying any potions.
Unknown command.
Unknown command.
The worker ant bites you!
You die...

####...### #....#
#........#####...#
#..........###...#
#...........###..##
#...........# #...#
#...........# #...#
##..........# #...##
######.##a.# #(.).#
##≈..###≈≈@# #....##
#.≈.†≈##≈≈## #....>#
#≈≈#≈≈≈#≈.# #.....##
#≈≈#≈.≈#≈.# ##......#
#≈≈#≈.≈#≈≈###.......##
#.≈#≈§≈#≈.##.........#
#.≈#≈.≈#≈≈##.........##
##≈≈#≈≈≈#≈≈#..)........#
#.≈≈##≈..≈.#...........#


You could see a worker ant.

Vanquished Creatures
  A sky beast (D:5)
  2 slaves (D:3)
  An ogre (D:4)
  A crimson imp (D:5)
  2 orc priests (D:5)
  An iguana (D:4)
  A giant frog skeleton (D:5)
  A centaur skeleton (D:5)
  An orc wizard (D:4)
  A worker ant (D:4)
  Robin (D:3)
  4 gnolls
  9 adders
  5 giant mites
  2 worms (D:2)
  5 giant geckos
  9 orcs
  A bat zombie (D:5)
  7 giant cockroaches
  15 hobgoblins
  5 jackals (D:1)
  11 kobolds
  3 ball pythons
  11 bats
  6 giant newts
  18 goblins
  A quokka (D:2)
  8 rats
133 creatures vanquished.

Vanquished Creatures (others)
  An orc wizard (D:5)
1 creature vanquished.

Grand Total: 134 creatures vanquished

Notes
Turn   | Place    | Note
--------------------------------------------------------------
     0 | D:1      | TIT, the Tengu Arcane Marksman, began the quest for the Orb.
     0 | D:1      | Reached XP level 1. HP: 12/12 MP: 2/2
   179 | D:1      | Reached skill level 3 in Bows
   179 | D:1      | Reached XP level 2. HP: 16/16 MP: 0/4
  1037 | D:1      | Reached XP level 3. HP: 20/20 MP: 3/5
  1287 | D:1      | Reached skill level 4 in Bows
  1669 | D:2      | Found an ancient bone altar of Kikubaaqudgha.
  1677 | D:2      | Found a blossoming altar of Fedhas.
  1699 | D:2      | Reached XP level 4. HP: 23/25 MP: 0/6
  1903 | D:2      | Found a shadowy altar of Dithmenos.
  1916 | D:2      | Found a stormy altar of Qazlal.
  1918 | D:2      | Found a snail-covered altar of Cheibriados.
  1929 | D:2      | Reached skill level 5 in Bows
  1998 | D:2      | Became a worshipper of Qazlal Stormbringer
  2463 | D:3      | Noticed Robin
  2635 | D:2      | Reached XP level 5. HP: 3/29 MP: 7/9
  3218 | D:3      | Killed Robin
  3401 | D:2      | Reached skill level 6 in Bows
  3622 | D:3      | Acquired Qazlal's first power
  4150 | D:3      | Reached XP level 6. HP: 34/34 MP: 8/10
  4699 | D:4      | Found a bloodstained altar of Trog.
  4747 | D:4      | Found a glowing golden altar of the Shining One.
  5124 | D:4      | Reached skill level 7 in Bows
  5523 | D:4      | Noticed Pikel
  6127 | D:5      | Entered Level 5 of the Dungeon
  6140 | D:5      | Reached skill level 8 in Bows
  6140 | D:5      | Reached XP level 7. HP: 11/38 MP: 8/11
  6848 | D:5      | Found a glowing silver altar of Zin.
  7272 | D:5      | Reached skill level 9 in Bows
  7384 | D:5      | Slain by a worker ant

Action                   |  1- 3 |  4- 6 |  7- 9 || total
-------------------------+-------+-------+-------++-------
Melee: Unarmed           |    16 |    81 |    40 ||   137
       Shortbow          |       |       |     1 ||     1
 Fire: Shortbow          |   114 |   219 |    62 ||   395
 Cast: Corona            |    42 |    78 |    22 ||   142
 Abil: Fly               |       |     9 |     1 ||    10
  Use: Scroll            |     2 |     3 |     5 ||    10
       Potion            |       |     2 |     7 ||     9
 Stab: Sleeping          |       |     1 |       ||     1
  Eat: Chunk             |     4 |    14 |       ||    18
       Beef jerky        |       |     1 |     1 ||     2
       Royal jelly       |       |     1 |       ||     1
       Meat ration       |       |       |     1 ||     1
